 Dungeon Crawl Stone Soup version 0.31-a0-182-gc5ef74bbde (webtiles) character file.

Game seed: 247620968483998438

1172 qw the Cleaver (level 8, -1/51 HPs)
             Began as a Gargoyle Fighter on June 20, 2023.
             Killed by divine providence
             ... invoked by an orc priest
              (17 damage)
             ... on level 5 of the Dungeon.
             The game lasted 00:02:15 (3927 turns).

qw the Cleaver (Gargoyle Fighter)                   Turns: 3927, Time: 00:02:16

Health: -1/51      AC: 16    Str: 22    XL:     8   Next: 41%
Magic:  8/8        EV:  8    Int:  9    God:
Gold:   288        SH:  4    Dex:  9    Spells: 7/7 levels left

rFire   . . .        Y - +1 war axe
rCold   . . .        c - +0 buckler
rNeg    + . .        p - +2 chain mail {rPois}
rPois   inf          (no helmet)
rElec   +            (no cloak)
rCorr   .            (no gloves)
SInv    +            (no boots)
Will    .....        m - amulet of regeneration Stlth
                     o - ring of see invisible
HPRegen 1.08/turn    (no ring)
MPRegen 0.11/turn

%: no passive effects
@: no status effects
A: sickness immunity, AC +5, negative energy resistance 1, electricity
resistance, torment resistance 1, petrification resistance
a: no special abilities


You were on level 5 of the Dungeon.
You visited 1 branch of the dungeon, and saw 5 of its levels.

You collected 288 gold pieces.


Innate Abilities, Weirdness & Mutations

You are immune to sickness and miasma.
Your stone body is resilient. (AC +5)
You are immune to poison.
You resist negative energy. (rN+)
You are resistant to electric shocks. (rElec)
You are resistant to unholy torment.
You are immune to petrification.


   Skills:
 + Level 5.9 Fighting
 - Level 8.0 Axes
 - Level 0.1 Throwing
 - Level 3.2 Armour
 - Level 1.0 Dodging
 - Level 3.2 Shields


You had 7 spell levels left.
You didn't know any spells.
Your spell library was empty.

Inventory:

Hand Weapons
 i - a +0 flail
 Y - a +1 war axe (weapon)
Armour
 c - a +0 buckler (worn)
 g - a +0 pair of boots
 l - a +2 buckler
 p - a +2 chain mail of poison resistance (worn)
Jewellery
 b - a ring of fire
 m - an amulet of regeneration (around neck)
 o - a ring of see invisible (left hand)
Scrolls
 a - 2 scrolls of identify
 j - a scroll of amnesia {unknown}
Potions
 d - a potion of might
 e - a potion of heal wounds
 f - a potion of enlightenment
 h - a potion of resistance
 k - a potion of attraction
 n - a potion of lignification

Dungeon Overview and Level Annotations

Branches:
Dungeon (5/15)
 Temple: D:4-7

Altars:
Ru


Message History

The orc priest hits you with a +0 short sword.
The orc priest closely misses you.
The orc wizard hits you but does no damage.
The centaur barely misses you.
The centaur kicks you but does no damage.
You hit the orc priest.
The orc priest is severely wounded.
You barely miss the centaur. You completely miss the orc wizard.
The centaur barely misses you. x2
The orc priest calls down the wrath of Beogh upon you.
Pain shoots through your body! The orc wizard barely misses you.
The orc priest hits you but does no damage.
You closely miss the orc priest.
The orc priest is severely wounded.
You barely miss the centaur.
You hit the orc wizard but do no damage.
You block the centaur's attack.
The centaur kicks you but does no damage.
The centaur hits you.
The centaur kicks you but does no damage.
The orc priest hits you from afar with a +0 trident!
You block the orc priest's attack.
The orc wizard hits you but does no damage.
3926 ||| DRINKING 2 potions of heal wounds.
You feel much better. You block the centaur's attack. x2
The orc priest calls down the wrath of Beogh upon you.
Beogh smites you!
The orc wizard hits you but does no damage.
The orc priest hits you but does no damage.
You slash the orc priest!
You kill the orc priest!
You slash the centaur! You closely miss the orc wizard.
The centaur hits you but does no damage.
You block the centaur's attack.
The centaur hits you but does no damage.
The centaur kicks you but does no damage.
The orc priest invokes the aid of Beogh against you.
Beogh smites you!
You die...

####....(...##.....#
##.#.....##.....#
#.%.....##.....#
###.....# #.....#
#####
#.....#######.....
##
#####.............
.# ###...)c......
.#### ####@o....?>
....# ##%......
....# o...... ....#
....... ....#
#.....$ ##### ......
...... ......


You could see a centaur, an orc priest and an orc wizard (invisible).

Vanquished Creatures
  Sigmund (D:2)
  A water moccasin (D:5)
  2 black bears
  An ogre (D:4)
  4 hounds
  6 orc priests
  2 jellies
  An iguana (D:5)
  Terence (D:2)
  2 orc wizards
  8 gnolls (D:5)
  5 adders
  2 white imps (D:5)
  4 worms
  2 dart slugs
  8 orcs
  5 ball pythons
  7 bats
  7 endoplasms
  3 giant cockroaches
  6 goblins
  4 hobgoblins
  4 jackals (D:1)
  9 kobolds
  5 quokkas
  5 frilled lizards
  3 rats
108 creatures vanquished.

Notes
Turn   | Place    | Note
-------+----------+-------------------------------------------
     0 | D:1      | qw the Gargoyle Fighter began the quest for the Orb.
     0 | D:1      | Reached XP level 1. HP: 14/14 MP: 1/1
     0 | D:1      | 0 ||| qw: Version: 0.3-a-9-g12657ce
     0 | D:1      | 0 ||| qw: Game counter: 1479
     0 | D:1      | 0 ||| qw: Always use a shield: true
     0 | D:1      | 0 ||| qw: God list: Okawaru
     0 | D:1      | 0 ||| qw: Allow faded altars: false
     0 | D:1      | 0 ||| qw: Do Orc after D:15 true
     0 | D:1      | 0 ||| qw: Do second Lair branch before Depths: true
     0 | D:1      | 0 ||| qw: Lair rune preference: random
     0 | D:1      | 0 ||| qw: Plans: Normal, Zot:1-4, Slime:5, God:TSO, Crypt,
                  | Tomb, Abyss, Pan, Hells, Win
     0 | D:1      | 0 ||| PLANNING D:1-11
    60 | D:1      | Reached skill level 2 in Axes
   239 | D:1      | Reached XP level 2. HP: 19/19 MP: 2/2
   313 | D:1      | 313 ||| Stepping ~*~*~tactically~*~*~ (stealth).
   381 | D:1      | 381 ||| Stepping ~*~*~tactically~*~*~ (stealth).
   702 | D:1      | 702 ||| DROPPING orb of guile.
   703 | D:1      | 703 ||| READING scroll labelled GUIGAT ABRU.
   713 | D:1      | 713 ||| DRINKING 2 ruby potions.
   720 | D:1      | 720 ||| DROPPING potion of ambrosia.
   757 | D:2      | Reached skill level 3 in Axes
   818 | D:2      | Noticed Sigmund
   819 | D:2      | 819 ||| Stepping ~*~*~tactically~*~*~ (hiding).
   829 | D:2      | Killed Sigmund
   830 | D:2      | Reached skill level 5 in Axes
   830 | D:2      | Reached XP level 3. HP: 17/23 MP: 3/3
   830 | D:2      | Reached XP level 4. HP: 21/28 MP: 4/4
   830 | D:2      | Reached XP level 5. HP: 24/32 MP: 5/5
   842 | D:2      | 842 ||| Stepping ~*~*~tactically~*~*~ (stealth).
   848 | D:2      | 848 ||| Stepping ~*~*~tactically~*~*~ (stealth).
   856 | D:2      | 856 ||| Stepping ~*~*~tactically~*~*~ (stealth).
   955 | D:2      | 955 ||| Stepping ~*~*~tactically~*~*~ (stealth).
  1106 | D:2      | Noticed Terence
  1107 | D:2      | 1107 ||| Stepping ~*~*~tactically~*~*~ (stealth).
  1108 | D:2      | 1108 ||| Stepping ~*~*~tactically~*~*~ (stealth).
  1113 | D:2      | 1113 ||| Stepping ~*~*~tactically~*~*~ (hiding).
  1133 | D:2      | Killed Terence
  1321 | D:2      | 1321 ||| READING 3 scrolls labelled ETAROZ GARO.
  1322 | D:2      | 1322 ||| DRINKING 3 lumpy yellow potions.
  1323 | D:2      | 1323 ||| READING 2 scrolls of identify.
  1323 | D:2      | 1323 ||| IDENTIFYING bubbling green potion
  1324 | D:2      | 1324 ||| DROPPING 2 potions of degeneration.
  1402 | D:3      | Reached XP level 6. HP: 38/38 MP: 6/6
  1533 | D:3      | 1533 ||| Stepping ~*~*~tactically~*~*~ (stealth).
  1539 | D:3      | 1539 ||| Stepping ~*~*~tactically~*~*~ (stealth).
  1541 | D:3      | 1541 ||| Stepping ~*~*~tactically~*~*~ (stealth).
  1544 | D:3      | 1544 ||| Stepping ~*~*~tactically~*~*~ (stealth).
  1545 | D:3      | 1545 ||| Stepping ~*~*~tactically~*~*~ (stealth).
  1547 | D:3      | 1547 ||| Stepping ~*~*~tactically~*~*~ (stealth).
  1601 | D:3      | 1601 ||| Stepping ~*~*~tactically~*~*~ (stealth).
  1603 | D:3      | 1603 ||| Stepping ~*~*~tactically~*~*~ (hiding).
  1721 | D:3      | 1721 ||| Stepping ~*~*~tactically~*~*~ (stealth).
  1722 | D:3      | 1722 ||| Stepping ~*~*~tactically~*~*~ (stealth).
  1724 | D:3      | 1724 ||| Stepping ~*~*~tactically~*~*~ (hiding).
  1749 | D:3      | 1749 ||| Stepping ~*~*~tactically~*~*~ (stealth).
  2233 | D:3      | 2233 ||| UPGRADING to +0 chain mail.
  2243 | D:3      | 2243 ||| DROPPING +0 scale mail.
  2244 | D:3      | 2244 ||| READING scroll labelled QAEVASU RUTEPN.
  2245 | D:3      | 2245 ||| READING scroll labelled EPA COESHREH.
  2246 | D:3      | 2246 ||| READING scroll labelled USUTOC ITOPHUM.
  2277 | D:4      | HP: 7/38 [orc priest/divine providence (15)]
  2278 | D:4      | 2278 ||| DRINKING 3 potions of heal wounds.
  2282 | D:4      | Reached skill level 6 in Axes
  2287 | D:4      | Reached XP level 7. HP: 19/43 MP: 7/7
  2625 | D:4      | Reached skill level 7 in Axes
  2780 | D:4      | 2780 ||| UPGRADING to amulet of regeneration.
  3135 | D:4      | Found a sacrificial altar of Ru.
  3327 | D:4      | 3327 ||| UPGRADING to +2 chain mail of poison resistance.
  3337 | D:4      | 3337 ||| DROPPING +0 chain mail.
  3338 | D:4      | 3338 ||| UPGRADING to ring of see invisible.
  3339 | D:4      | 3339 ||| READING scroll labelled XUNUOD KUONEO.
  3340 | D:4      | 3340 ||| READING scroll labelled MUQONW URHETWU.
  3441 | D:4      | 3441 ||| DRINKING 2 smoky orange potions.
  3442 | D:4      | 3442 ||| DRINKING 2 amethyst potions.
  3443 | D:4      | 3443 ||| READING 4 scrolls of identify.
  3443 | D:4      | 3443 ||| IDENTIFYING glowing blue potion
  3444 | D:4      | 3444 ||| READING 3 scrolls of identify.
  3444 | D:4      | 3444 ||| IDENTIFYING pink potion
  3445 | D:4      | 3445 ||| READING 2 scrolls of identify.
  3445 | D:4      | 3445 ||| IDENTIFYING metallic cyan potion
  3446 | D:4      | 3446 ||| DROPPING potion of brilliance.
  3491 | D:5      | Entered Level 5 of the Dungeon
  3492 | D:5      | 3492 ||| Stepping ~*~*~tactically~*~*~ (hiding).
  3496 | D:5      | Reached skill level 1 in Dodging
  3509 | D:5      | Reached XP level 8. HP: 35/49 MP: 8/8
  3517 | D:5      | 3517 ||| Stepping ~*~*~tactically~*~*~ (hiding).
  3632 | D:5      | 3632 ||| Stepping ~*~*~tactically~*~*~ (stealth).
  3686 | D:5      | 3686 ||| Stepping ~*~*~tactically~*~*~ (hiding).
  3695 | D:5      | 3695 ||| Stepping ~*~*~tactically~*~*~ (stealth).
  3699 | D:5      | 3699 ||| Stepping ~*~*~tactically~*~*~ (stealth).
  3702 | D:5      | 3702 ||| Stepping ~*~*~tactically~*~*~ (stealth).
  3712 | D:5      | Reached skill level 8 in Axes
  3715 | D:5      | 3715 ||| DROPPING +0 whip.
  3907 | D:5      | 3907 ||| Stepping ~*~*~tactically~*~*~ (hiding).
  3925 | D:5      | HP: 11/51 [centaur (5)]
  3925 | D:5      | HP: 4/51 [orc priest/+0 trident (7)]
  3926 | D:5      | 3926 ||| DRINKING 2 potions of heal wounds.
  3927 | D:5      | Killed from afar by an orc priest

Levels and vault maps discovered:
D:1:      dpeg_arrival_stonehenge_8_columns, layout_loops_ring
D:2:      layout_rooms, uniq_sigmund, uniq_terence
D:3:      layout_loops_ring, minmay_randomly_rotated_circles
D:4:      layout_basic, nicolae_ru_the_path_less_chosen, serial_aquarium,
          aquarium_bridge_straight [aquarium_subvault_bridge,
          aquarium_subvault_balcony, aquarium_subvault_bridge,
          aquarium_subvault_window], aquarium_window_1, aquarium_window_fake,
          aquarium_view_2g, aquarium_view_2d, aquarium_pool_double,
          kennysheep_dice
D:5:      layout_rooms, dreamdust_princess_corridor

Skill      XL: |  1  2  3  4  5  6  7  8 |
---------------+-------------------------+-----
Axes           | 2 5 6 7 8 |  8.0
Fighting       | 4 5 |  5.9
Dodging        | 1 |  1.0
Throwing       | |  0.1
Armour         | |  3.2
Shields        | |  3.2

Action                     |  1- 3 |  4- 6 |  7- 9 || total
---------------------------+-------+-------+-------++-------
  Melee: War axe           |    61 |   159 |   154 ||   374
  Throw: Boomerang         |       |     2 |       ||     2
    Use: Scroll            |     1 |     5 |     5 ||    11
         Potion            |     1 |     2 |     3 ||     6
 Armour: Scale mail        |    25 |    57 |       ||    82
         Chain mail        |       |     6 |   117 ||   123
  Dodge: Dodged            |    26 |    66 |    85 ||   177
  Block: Buckler           |    13 |    34 |    43 ||    90

Table legend:
 A = Non-vault XP
 B = Vault XP
 C = Vault XP percentage of total XP
 D = Non-vault monster count
 E = Vault monster count
 F = Vault count percentage of total count
                 A         B        C        D         E       F
            +---------+---------+-------+---------+---------+-------
      Total |    1444 |     275 |  16.0 |      98 |      10 |   9.3
            +---------+---------+-------+---------+---------+-------
        D:1 |      28 |       0 |   0.0 |      17 |       0 |   0.0
        D:2 |      28 |     259 |  90.2 |      15 |       2 |  11.8
        D:3 |     174 |       9 |   4.9 |      23 |       6 |  20.7
        D:4 |     558 |       7 |   1.2 |      18 |       2 |  10.0
        D:5 |     656 |       0 |   0.0 |      25 |       0 |   0.0
            +---------+---------+-------+---------+---------+-------
